 Dungeon Crawl Stone Soup version 0.24.0-29-g8ce449bc06 (webtiles) character file.

Game seed: 3299312279240449000, levelgen mode: deterministic

11458 Flugslaktarn the Fighter (level 11, -8/101 HPs)
             Began as a Minotaur Monk on Nov 15, 2019.
             Was the Champion of Cheibriados.
             Engulfed by a cloud of freezing vapour (34 damage)
             ... on level 11 of the Dungeon.
             The game lasted 00:05:47 (10355 turns).

Flugslaktarn the Fighter (Minotaur Monk)           Turns: 10355, Time: 00:05:47

Health: -8/101     AC: 21    Str: 35    XL:     11   Next: 49%
Magic:  16/16      EV: 15    Int: 22    God:    Cheibriados [******]
Gold:   516        SH:  0    Dex: 29    Spells: 10/10 levels left

rFire    . . .     SeeInvis .   I - +2 hand axe (elec)
rCold    . . .     Gourm    .   (no shield)
rNeg     . . .     Faith    .   K - +0 plate armour
rPois    .         Spirit   .   (helmet restricted)
rElec    .         Reflect  .   g - +1 cloak
rCorr    .         Harm     .   (no gloves)
MR       .....                  (no boots)
Stlth    ..........             (no amulet)
HPRegen  0.26/turn              p - +4 ring of protection
MPRegen  0.15/turn              (no ring)

@: very slow
A: retaliatory headbutt, horns 2, blink, strong 1
a: Blink, Bend Time, Temporal Distortion, Slouch, Step From Time, Renounce
Religion


You were on level 11 of the Dungeon.
You worshipped Cheibriados.
Cheibriados was exalted by your worship.
You were hungry.

You visited 1 branch of the dungeon, and saw 11 of its levels.

You collected 516 gold pieces.

Inventory:

Hand Weapons
 y - a +1 war axe
   (You took it off an orc on level 3 of the Dungeon)
 I - a +2 hand axe of electrocution (weapon)
   (You took it off an orc on level 10 of the Dungeon)
 J - a +0 battleaxe
   (You took it off an orc warrior on level 10 of the Dungeon)
Missiles
 A - 3 throwing nets (quivered)
Armour
 g - a +1 cloak (worn)
   (You found it on level 2 of the Dungeon)
 j - a scarf of cloud immunity
   (You found it on level 1 of the Dungeon)
 u - a +0 chain mail
   (You found it on level 4 of the Dungeon)
 K - a +0 plate armour (worn)
   (You took it off an orc warrior on level 10 of the Dungeon)
Jewellery
 b - an uncursed ring of stealth {unknown}
   (You found it on level 6 of the Dungeon)
 p - a +4 ring of protection (left hand)
   (You found it on level 4 of the Dungeon)
 F - a +4 amulet of reflection {unknown}
   (You found it on level 8 of the Dungeon)
Wands
 n - a wand of paralysis (11)
   (You found it on level 7 of the Dungeon)
 v - a wand of scattershot (11)
   (You found it on level 4 of the Dungeon)
 E - a wand of iceblast (7)
   (You found it on level 7 of the Dungeon)
 N - a wand of acid (8)
   (You took it off a crimson imp on level 11 of the Dungeon)
Scrolls
 a - 4 scrolls of enchant weapon
 c - 2 scrolls of fear
 i - a scroll of enchant armour
 k - a scroll of immolation
 t - a scroll of teleportation
 w - 10 scrolls of remove curse
 z - a scroll of fog
Potions
 d - 2 potions of flight
 h - 3 potions of haste
 l - 2 potions of brilliance
 m - 3 potions of lignification
 q - 3 potions of curing
 s - a potion of agility
 x - a potion of mutation
 B - 2 potions of berserk rage
 D - a potion of cancellation {unknown}
 H - a potion of heal wounds {unknown}
 M - a potion of might {unknown}
Comestibles
 e - 15 rations


   Skills:
 + Level 10.8 Fighting
 + Level 10.8 Axes
 + Level 10.1 Armour
 + Level 7.5 Dodging
 - Level 1.6 Stealth
 + Level 8.0 Invocations
 + Level 3.4 Evocations


You had 10 spell levels left.
You didn't know any spells.
Your spell library was empty.

Dungeon Overview and Level Annotations

Branches:
Dungeon (11/15)            Temple (0/1) D:5            Lair (0/6) D:11
    Orc (0/2) D:11

Altars:
Ashenzari
Cheibriados
Dithmenos
Nemelex Xobeh
Sif Muna
Uskayaw
The Shining One

Portals:
Bazaar: D:11

Annotations:
D:2 1 runed translucent door, Crazy Yiuf


Innate Abilities, Weirdness & Mutations

You reflexively headbutt those who attack you in melee.
You have a pair of horns on your head.
You can translocate small distances at will.
Your muscles are strong. (Str +2)


Message History

h - 3 potions of haste (gained 2)
You hear the stately tolling of a bell nearby.
a - 4 scrolls of enchant weapon (gained 1)
e - 15 rations (gained 1)
Found a robe.
You hear the stately tolling of a bell nearby.
Found a flickering gateway to a bazaar.
Found 5 large rocks.
You're in a travel-excluded area, stopping explore.
Really walk into that cloud of freezing vapour?
Okay, then.
Found 13 bolts.
Really walk into that cloud of freezing vapour?
You are engulfed in freezing vapours.
You are engulfed in freezing vapours.
* * * LOW HITPOINT WARNING * * *
You enter the shallow water.
Moving in this stuff is going to be slow.
You are engulfed in freezing vapours.
You die...

#.##.###...#.## ..
#...#.........# .
#..#.####.##..# #.
##..#.####.##..# # ##.#
#......##...#..#
#.#...##...#..#.###...##
.....°.○○○......# #.....
#.☼☼°°○.#####.###...##
#.###☼@○°# #......##
#○☼°☼°# #####....
##°°○☼# #..## ##○#○#
#...# ☼#... #.... .#
...○ #...# ...☼>
.....### ....## ######
###


There were no monsters in sight!

Vanquished Creatures
  3 two-headed ogres (D:8)
  Urug (D:11)
  A centaur zombie (D:10)
  Joseph (D:8)
  Psyche (D:8)
  A gargoyle (D:11)
  3 centaur skeletons
  A merfolk (D:9)
  Prince Ribbit (D:6)
  A hippogriff (D:10)
  3 yaks (D:10)
  A wraith (D:10)
  3 wyverns
  A soldier ant (D:10)
  3 water moccasins
  3 porcupines (D:11)
  2 ice beasts
  4 orc warriors
  6 sky beasts
  A phantom (D:6)
  2 necrophages
  4 ogres
  4 centaurs
  A crocodile (D:11)
  2 big kobolds (D:9)
  6 bullfrogs
  A gnoll sergeant (D:11)
  4 scorpions
  3 killer bees (D:10)
  2 howler monkeys
  4 crimson imps
  3 hounds
  A quasit (D:10)
  4 bullfrog zombies
  A jelly (D:5)
  5 orc priests
  5 bullfrog skeletons
  13 orc wizards
  3 iguanas
  6 worker ants
  A killer bee zombie (D:10)
  2 hound skeletons (D:6)
  2 worker ant zombies
  12 gnolls
  12 adders
  An adder skeleton (D:4)
  2 worms
  7 leopard geckos
  45 orcs
  10 giant cockroaches
  8 hobgoblins
  11 jackals
  7 quokkas
  A ball python zombie (D:5)
  9 bats
  4 frilled lizards
  5 goblins
  14 kobolds
  11 rats
  8 fungi (D:11)
  9 plants (D:11)
296 creatures vanquished.

Vanquished Creatures (others)
  A cyclops (D:11)
  2 bullfrogs (D:11)
  14 fungi (D:11)
  A plant (D:11)
18 creatures vanquished.

Grand Total: 314 creatures vanquished

Notes
Turn   | Place    | Note
-------+----------+-------------------------------------------
     0 | D:1      | Flugslaktarn the Minotaur Monk began the quest for the Orb.
     0 | D:1      | Reached XP level 1. HP: 19/19 MP: 0/0
   118 | D:1      | Reached skill level 1 in Armour
   118 | D:1      | Reached XP level 2. HP: 26/27 MP: 1/1
   522 | D:1      | Reached XP level 3. HP: 27/33 MP: 2/2
   655 | D:1      | HP: 1/33 [gnoll/+4 flail of protection (7)]
  1426 | D:2      | Reached XP level 4. HP: 41/41 MP: 3/3
  1630 | D:2      | Found a runed translucent door.
  1631 | D:2      | Noticed Crazy Yiuf
  1799 | D:2      | Found a glowing golden altar of the Shining One.
  1799 | D:2      | Found a snail-covered altar of Cheibriados.
  1979 | D:2      | Became a worshipper of Cheibriados the Contemplative
  1979 | D:2      | Reached * piety under Cheibriados
  1979 | D:2      | Reached ** piety under Cheibriados
  3288 | D:4      | Found a hide-covered altar of Uskayaw.
  3291 | D:4      | Found a sparkling altar of Nemelex Xobeh.
  3294 | D:4      | Found a shattered altar of Ashenzari.
  3297 | D:4      | Found a shimmering blue altar of Sif Muna.
  3357 | D:4      | Reached XP level 5. HP: 47/47 MP: 4/4
  3364 | D:4      | Reached skill level 5 in Fighting
  3364 | D:4      | Reached skill level 5 in Axes
  3599 | D:4      | Reached skill level 1 in Invocations
  3716 | D:4      | Found a shadowy altar of Dithmenos.
  4168 | D:5      | Entered Level 5 of the Dungeon
  4168 | D:5      | Noticed an ice beast
  4172 | D:5      | Reached XP level 6. HP: 56/56 MP: 6/6
  4178 | D:5      | Killed an ice beast
  4489 | D:5      | Reached XP level 7. HP: 56/62 MP: 7/7
  4495 | D:5      | Reached *** piety under Cheibriados
  4883 | D:5      | Reached skill level 5 in Armour
  5165 | D:5      | Found a staircase to the Ecumenical Temple.
  5258 | D:6      | Reached XP level 8. HP: 71/71 MP: 9/9
  5598 | D:6      | Noticed Prince Ribbit
  5607 | D:6      | Killed Prince Ribbit
  5607 | D:6      | Reached **** piety under Cheibriados
  5833 | D:6      | Reached skill level 5 in Invocations
  6224 | D:7      | Reached XP level 9. HP: 69/81 MP: 11/11
  6873 | D:8      | Noticed a two-headed ogre
  6878 | D:8      | Killed a two-headed ogre
  7132 | D:8      | Noticed Psyche
  7138 | D:8      | Killed Psyche
  7237 | D:8      | Reached ***** piety under Cheibriados
  7299 | D:8      | Reached skill level 5 in Dodging
  7602 | D:8      | Noticed a two-headed ogre
  7603 | D:8      | Noticed Joseph
  7603 | D:8      | Noticed a two-headed ogre
  7609 | D:8      | Killed a two-headed ogre
  7609 | D:8      | Reached XP level 10. HP: 64/91 MP: 13/13
  7614 | D:8      | Killed a two-headed ogre
  7618 | D:8      | Paralysed by Joseph for 6 turns
  7627 | D:8      | Paralysed by Joseph for 5 turns
  7632 | D:8      | Killed Joseph
  8333 | D:9      | Reached skill level 1 in Evocations
  8680 | D:9      | Reached skill level 10 in Axes
  8691 | D:9      | Reached skill level 10 in Fighting
  8825 | D:10     | Entered Level 10 of the Dungeon
  9192 | D:10     | Reached ****** piety under Cheibriados
  9340 | D:10     | Reached XP level 11. HP: 91/100 MP: 15/15
  9737 | D:11     | Found a staircase to the Orcish Mines.
  9802 | D:11     | Found a staircase to the Lair.
  9980 | D:11     | Noticed Urug
  9982 | D:11     | Reached skill level 10 in Armour
 10019 | D:11     | Gained mutation: Your muscles are strong. (Str +2) [potion
                  | of mutation]
 10019 | D:11     | Gained mutation: You can translocate small distances at
                  | will. [potion of mutation]
 10024 | D:11     | Killed Urug
 10346 | D:11     | Found a flickering gateway to a bazaar.
 10355 | D:11     | Engulfed by a cloud of freezing vapour

Levels and vault maps discovered:
D:1:      dpeg_arrival_erosion, layout_loops_ring, minmay_misc_feat_rugged,
          minmay_misc_feat_hallway, minivault_14
D:2:      layout_basic, gammafunk_temple_overflow_wave, uniq_crazy_yiuf_cottage
D:3:      layout_loops_ring
D:4:      layout_cave_pods, grunt_temple_overflow_cloverleaf,
          overflow_temple_1_default, first_ration
D:5:      layout_rooms, lemuel_temple_firewalk_a, minmay_liquid_box
D:6:      layout_basic, uniq_prince_ribbit1
D:7:      layout_basic, serial_curves, eino_curves_02, eino_curves_04
D:8:      layout_basic, uniq_psyche, uniq_joseph
D:9:      layout_cave_pools, hangedman_fish_farm
D:10:     layout_big_octagon
D:11:     layout_loops_ring, due_lair_maze_entry_diamond, serial_shops,
          freezing_bzr, uniq_urug

Skill      XL: |  1  2  3  4  5  6  7  8  9 10 11 |
---------------+----------------------------------+-----
Armour         | 1 2 3 4 5 7 8 9 10 | 10.1
Fighting       | 4 5 6 8 9 10 | 10.8
Axes           | 4 5 6 8 9 10 | 10.8
Invocations    | 1 2 3 5 6 7 8 |  8.0
Dodging        | 5 6 7 |  7.5
Evocations     | 2 3 |  3.4
Stealth        | |  1.6

Action                   |  1- 3 |  4- 6 |  7- 9 | 10-12 || total
-------------------------+-------+-------+-------+-------++-------
Melee: Hand axe          |   105 |    44 |       |   131 ||   280
       Headbutt          |     9 |    19 |    66 |    75 ||   169
       War axe           |       |    60 |   183 |    72 ||   315
Evoke: Wand              |       |       |       |     4 ||     4
  Use: Scroll            |       |       |     8 |    10 ||    18
       Potion            |       |       |       |     1 ||     1
 Stab: Sleeping          |     3 |       |       |       ||     3
  Eat: Chunk             |     2 |     5 |     5 |     4 ||    16
Armor: Robe              |    10 |       |       |       ||    10
       Scale mail        |    10 |    29 |    13 |       ||    52
       Chain mail        |       |       |    77 |    48 ||   125
       Plate armour      |       |       |       |    52 ||    52
Dodge: Dodged            |    69 |    55 |   111 |   198 ||   433
